AoeStats
← AxingQuestions

Lombardia

509514285Analyzed
4v4 RM · 4d ago on Sep 27, 2026· 62m 34s· 8 players
Game mode
Random Map
Map size
Large (8 player)
Population
200
Speed
Normal
Resources
Standard
Victory
Conquest
Starting age
Dark Age
Ending age
Imperial Age
RankedLock teamsTeams togetherTeam positionsShared explorationLock speedFull tech treeHidden civsTurbo modeCheats
Victory
Defeat
🇨🇱 Mongols · Chile
1330
+12
🇨🇱 Spanish · Chile
1305
+13
🇨🇱 Khitans · Chile
1285
+14
🇨🇳 Saracens · China
1194
+17
🇨🇦 Berbers · Canada
1279
-16
🇺🇸 Persians · United States
1260
-15
🇺🇸 Vikings · United States
1208
-13
🇲🇽 Slavs · Mexico
1183
-12
IPwnAllNoobs
7:20 Loom
11:30 Feudal Age
18:03 Castle Age
16:59 Double-Bit Axe
17:32 Horse Collar
24:15 Heavy Plow
25:52 Wheelbarrow
26:31 Gold Mining
26:55 Stone Mining
29:18 Stone Shaft Mining
29:20 Gold Shaft Mining
32:17 Fletching
32:28 Padded Archer Armor
32:57 Bloodlines
32:48 Husbandry
36:22 Imperial Age
34:20 Bodkin Arrow
34:40 Leather Archer Armor
34:34 Thumb Ring
35:22 Hand Cart
35:19 Kasbah
35:57 Scale Barding Armor
37:09 Bracer
37:40 Ring Archer Armor
37:32 Conscription
36:34 Elite Camel Archer
38:39 Ballistics
39:19 Chemistry
38:27 Siege Engineers
38:37 Light Cavalry
39:41 Chain Barding Armor
39:31 Forging
41:53 Hussar
45:13 Plate Barding Armor
45:14 Iron Casting
54:21 Masonry
53:53 Treadmill Crane
55:17 Blast Furnace
56:09 Caravan
AxingQuestions
8:57 Loom
10:45 Feudal Age
12:04 Double-Bit Axe
16:18 Castle Age
16:08 Horse Collar
17:39 Bow Saw
18:11 Heavy Plow
25:21 Town Watch
25:49 Squires
27:26 Town Patrol
31:17 Gold Mining
31:18 Stone Mining
34:20 Imperial Age
32:35 Pikeman
33:01 Arson
33:50 Scale Mail Armor
34:01 Forging
33:41 Fletching
35:22 Conscription
35:03 Chieftains
34:25 Elite Varangian Guard
35:29 Chain Mail Armor
36:37 Iron Casting
37:45 Two-Man Saw
37:23 Crop Rotation
37:59 Plate Mail Armor
38:44 Blast Furnace
39:22 Hoardings
39:13 Capped Ram
42:39 Bodkin Arrow
42:59 Padded Archer Armor
43:55 Gold Shaft Mining
43:51 Bracer
45:13 Siege Ram
46:47 Crossbowman
53:28 Arbalester
Cochiloco2000
5:07 Loom
12:46 Feudal Age
13:57 Double-Bit Axe
18:14 Horse Collar
21:48 Castle Age
20:24 Wheelbarrow
19:52 Scale Mail Armor
20:34 Stone Mining
21:36 Scale Barding Armor
23:44 Fletching
24:05 Forging
25:02 Bow Saw
28:46 Hand Cart
29:00 Chain Barding Armor
29:16 Iron Casting
28:38 Bodkin Arrow
30:13 Gold Mining
31:03 Husbandry
30:25 Pikeman
31:06 Squires
30:28 Man-at-Arms
32:05 Bloodlines
33:17 Gold Shaft Mining
33:09 Long Swordsman
37:39 Detinets
40:40 Imperial Age
38:28 Chain Mail Armor
38:14 Padded Archer Armor
38:44 Heavy Plow
40:45 Halberdier
40:51 Two-Handed Swordsman
42:07 Plate Mail Armor
42:38 Blast Furnace
42:13 Plate Barding Armor
41:12 Cavalier
42:01 Champion
53:10 Two-Man Saw
Beller
4:44 Loom
11:31 Feudal Age
12:41 Double-Bit Axe
13:27 Horse Collar
16:51 Castle Age
19:14 Bow Saw
19:37 Scale Barding Armor
20:33 Husbandry
23:14 Wheelbarrow
25:05 Bloodlines
28:14 Hand Cart
28:42 Chain Barding Armor
34:04 Imperial Age
32:34 Forging
33:49 Cavalier
35:06 Plate Barding Armor
36:21 Iron Casting
35:40 Savar
45:41 Light Cavalry
47:38 Hussar
49:38 Blast Furnace
50:45 Kamandaran
50:50 Fletching
52:32 Bodkin Arrow
53:56 Padded Archer Armor
54:22 Ballistics
53:31 Crossbowman
54:17 Thumb Ring
56:07 Chemistry
Pipeño
10:22 Feudal Age
14:18 Castle Age
12:27 Double-Bit Axe
12:23 Horse Collar
18:05 Bow Saw
19:24 Heavy Plow
21:00 Wheelbarrow
20:36 Loom
22:15 Town Watch
27:34 Hand Cart
27:53 Gold Mining
28:19 Stone Mining
32:35 Imperial Age
30:36 Fletching
31:09 Ballistics
31:43 Gold Shaft Mining
32:59 Bloodlines
32:58 Thumb Ring
33:35 Stone Shaft Mining
33:27 Husbandry
33:26 Bodkin Arrow
34:33 Chemistry
32:59 Elite Mangudai
34:28 Parthian Tactics
34:10 Caravan
34:38 Conscription
34:56 Conscription
33:56 Elite Mangudai
35:53 Drill
35:40 Bracer
35:19 Capped Ram
36:19 Siege Ram
38:07 Siege Engineers
38:39 Padded Archer Armor
39:43 Light Cavalry
40:49 Leather Archer Armor
44:20 Hussar
47:25 Scale Barding Armor
50:33 Chain Barding Armor
50:13 Scale Mail Armor
51:46 Onager
58:52 Siege Onager
Loco Saiti
7:26 Loom
9:51 Feudal Age
10:20 Double-Bit Axe
11:11 Domestication
15:11 Forging
16:04 Scale Barding Armor
20:11 Wheelbarrow
22:38 Castle Age
23:01 Light Cavalry
24:02 Chain Barding Armor
23:54 Bow Saw
24:43 Iron Casting
28:10 Pastoralism
28:37 Husbandry
29:21 Gold Mining
32:06 Stone Mining
32:35 Hand Cart
32:56 Coinage
37:01 Imperial Age
36:08 Scale Mail Armor
36:16 Lamellar Armor
36:34 Caravan
37:16 Chain Mail Armor
36:49 Gambesons
37:46 Squires
38:34 Plate Mail Armor
37:50 Arson
39:43 Conscription
38:52 Man-at-Arms
39:19 Elite Liao Dao
40:30 Fletching
40:41 Padded Archer Armor
41:03 Masonry
41:49 Bodkin Arrow
42:34 Long Swordsman
43:51 Plate Barding Armor
44:42 Town Watch
47:59 Bracer
48:39 Pikeman
52:04 Two-Man Saw
51:42 Stone Shaft Mining
52:46 Leather Archer Armor
53:23 Two-Handed Swordsman
54:36 Ring Archer Armor
56:35 Heavy Rocket Cart
59:28 Chemistry
58:00 Champion
wuyu
2:20 Loom
12:04 Feudal Age
20:23 Castle Age
18:50 Double-Bit Axe
18:47 Horse Collar
21:26 Wheelbarrow
22:06 Fortified Wall
22:31 Bow Saw
32:16 Husbandry
32:26 Bloodlines
32:36 Stone Mining
33:39 Hand Cart
34:05 Gold Mining
37:36 Imperial Age
35:29 Bimaristan
35:26 Scale Barding Armor
35:55 Caravan
36:40 Chain Barding Armor
36:31 Forging
35:46 Light Cavalry
37:27 Gold Shaft Mining
38:06 Ballistics
37:57 Masonry
37:43 Murder Holes
38:41 Conscription
38:58 Iron Casting
38:53 Elite Mameluke
40:54 Plate Barding Armor
41:20 Blast Furnace
40:24 Hussar
52:22 Two-Man Saw
52:45 Fletching
53:57 Chemistry
Dua Loopa [TsO]
10:46 Feudal Age
14:39 Castle Age
13:05 Double-Bit Axe
27:51 Horse Collar
28:22 Bow Saw
29:10 Wheelbarrow
29:52 Husbandry
30:05 Bloodlines
30:59 Heavy Plow
31:14 Loom
37:08 Imperial Age
34:16 Pikeman
34:43 Gambesons
34:44 Arson
34:59 Squires
35:03 Scale Mail Armor
35:13 Forging
36:00 Town Watch
36:44 Gold Mining
38:07 Iron Casting
37:47 Chain Mail Armor
38:31 Halberdier
40:59 Plate Mail Armor
41:29 Blast Furnace
46:48 Hand Cart
46:34 Town Patrol
47:39 Elite Conquistador
59:06 Light Cavalry
62:43 Padded Archer Armor
62:33 Fletching
63:03 Stone Mining
Connection lost

Rejoining the realm…

Still unreachable

The connection could not be restored.

Session expired

The server has moved on; the page needs a fresh start.